 Dungeon Crawl Stone Soup version 0.20-a0-396-gbf3f530 (webtiles) character file.

3551 Kriby the Thaumaturge (level 9, -1/57 HPs)
             Began as a Mummy Fire Elementalist on Dec 31, 2016.
             Was a Priest of Sif Muna.
             Slain by Erica
             ... wielding a +3 scimitar of flaming
              (5 damage)
             ... on level 8 of the Dungeon.
             The game lasted 00:28:00 (10168 turns).

Kriby the Thaumaturge (Mummy Fire Elementalist)    Turns: 10168, Time: 00:28:01

Health: -1/57      AC: 13    Str: 12    XL:     9   Next: 83%
Magic:  14/32      EV: 11    Int: 17    God:    Sif Muna [***...]
Gold:   564        SH:  4    Dex: 12    Spells: 13/28 levels left

rFire  x . .     SeeInvis .     q - +2 mace (protect)
rCold  + . .     Gourm    .     a - +0 robe
rNeg   + + +     Faith    .     e - +0 buckler
rPois  ∞         Spirit   .     i - +1 helmet
rElec  .         Reflect  .     f - +0 cloak
rCorr  .         Harm     .     r - +0 pair of gloves
MR     +....                    (no boots)
Stlth  +.........               (no amulet)
                                h - ring of magical power
                                d - ring of wizardry

@: protection aura, very slightly contaminated, heavily drained
A: no food or potions, fire vulnerability, cold resistance 1, negative energy
resistance 3, torment resistance, unbreathing
a: Divine Energy, Channel Magic, Renounce Religion


You were on level 8 of the Dungeon.
You worshipped Sif Muna.
Sif Muna was most pleased with you.
You were not hungry.

You visited 2 branches of the dungeon, and saw 9 of its levels.

You collected 564 gold pieces.

Inventory:

Hand Weapons
 q - a +2 mace of protection (weapon)
Armour
 a - a +0 robe (worn)
 e - a +0 buckler (worn)
 f - a +0 cloak (worn)
 i - a +1 helmet (worn)
 r - a +0 pair of gloves (worn)
Jewellery
 d - a ring of wizardry (left hand)
 g - an uncursed amulet of faith
 h - a ring of magical power (right hand)
 k - a +3 ring of protection
 n - a +3 ring of dexterity
Wands
 t - a wand of slowing (16/48)
 u - a wand of lightning (7/15)
 v - a wand of confusion (22/48)
Scrolls
 c - a scroll of enchant weapon
 j - 2 scrolls of fog
 l - 4 scrolls of identify
 m - 3 scrolls of enchant armour
 o - 3 scrolls of teleportation
 p - a scroll of remove curse
 s - a scroll of amnesia
Books
 b - a book of Flames

   Spells                             Type                      Level
   a - Flame Tongue                   Conjuration/Fire             1
   b - Throw Flame                    Conjuration/Fire             2
   c - Conjure Flame                  Conjuration/Fire             3
   d - Inner Flame                    Hexes/Fire                   3
   e - Sticky Flame                   Conjuration/Fire             4
   f - Fireball                       Conjuration/Fire             5


   Skills:
 - Level 1.5(0.0) Dodging
 - Level 1.5(0.0) Stealth
 - Level 4.5(2.8) Shields
 + Level 10.3(8.3) Spellcasting
 + Level 6.0(4.3) Conjurations
 * Level 6.1(4.4) Fire Magic


You had 13 spell levels left.
You knew the following spells:

 Your Spells              Type           Power        Failure   Level  Hunger
a - Flame Tongue          Conj/Fire      ###..        1%          1    N/A
b - Conjure Flame         Conj/Fire      ###.....     4%          3    N/A
c - Sticky Flame          Conj/Fire      ###.....     10%         4    N/A
d - Throw Flame           Conj/Fire      ###...       1%          2    N/A
e - Fireball              Conj/Fire      ###.......   34%         5    N/A

Dungeon Overview and Level Annotations

Branches:
Dungeon (8/15)             Temple (1/1) D:4            Lair (0/6) D:8

Altars:
Ashenzari
Cheibriados
Dithmenos
Elyvilon
Fedhas
Gozag
Hepliaklqana
Kikubaaqudgha
Makhleb
Nemelex Xobeh
Okawaru
Qazlal
Ru
Sif Muna
Trog
Uskayaw
Vehumet
Xom
Yredelemnul
Zin
The Shining One

Annotations:
D:2 exclusion: downstairs
D:4 exclusion: downstairs
D:8 Erica


Innate Abilities, Weirdness & Mutations

You do not eat or drink.
Your flesh is vulnerable to fire.
You are immune to poison.
Your flesh is cold resistant. (rC+)
You are immune to negative energy. (rN+++)
You are immune to unholy pain and torment.
You can survive without breathing.


Message History

The arrow completely misses you.
The centaur shoots an arrow.
The arrow hits you. Something hits you.
* * * LOW HITPOINT WARNING * * *
Something burns you.
* * * LOW HITPOINT WARNING * * *
Casting: Conjure Flame
Confirm with . or Enter, or press ? or * to list all spells.
You can't see any susceptible monsters within range! (Use Z to cast anyway.)
Casting: Conjure Flame
Confirm with . or Enter, or press ? or * to list all spells.
Aiming: Sticky Flame
Press: ? - help, Shift-Dir - straight line You miscast Sticky Flame.
Your skin glows momentarily.
The centaur shoots an arrow.
You block the arrow. Something hits you!
* * * LOW HITPOINT WARNING * * *
Something burns you.
* * * LOW HITPOINT WARNING * * *
The centaur shoots an arrow.
The arrow barely misses you.
The centaur shoots an arrow.
The arrow closely misses you. Something hits you.
You die...

#..#..##.
#........
#.# #.#
#.# #.#
#.#####.#
#..(..c.#
##@####.#
#.# #.#
#.# #.#
#.# #.#
#. #.#
#.# #..
#.# #.#
#.#
#.####.##
#.#
#.......#
#.#
######..#
#.#


You could see a centaur.

Vanquished Creatures
  The ghost of Geomchi the Stinger, a novice DEVM (D:5)
  A hippogriff (D:7)
  2 wyverns (D:8)
  A basilisk (D:8)
  3 hungry ghosts
  A swamp drake (D:8)
  An ice beast (D:7)
  2 ogres (D:5)
  A black bear (D:8)
  A phantom (D:7)
  A centaur (D:6)
  A crocodile (D:8)
  3 bullfrogs
  Blork the orc (D:6)
  A water moccasin skeleton (D:4)
  A scorpion (D:4)
  5 howler monkeys
  A crimson imp (D:7)
  A bullfrog zombie (D:5)
  An orc priest (D:6)
  A quasit (D:6)
  Crazy Yiuf (D:5)
  A bullfrog skeleton (D:5)
  5 hounds
  5 orc wizards
  Jessica (D:3)
  4 iguanas
  8 worker ants
  A hound skeleton (D:5)
  7 gnolls
  11 adders
  2 oozes
  An adder zombie (D:7)
  An adder skeleton (D:4)
  6 worms
  2 dart slugs (D:1)
  4 leopard geckos
  20 orcs
  6 giant cockroaches
  7 goblins
  8 hobgoblins
  8 jackals
  3 quokkas (D:6)
  9 bats
  12 frilled lizards
  2 jackal skeletons
  7 kobolds
  14 rats
  A fungus (D:5)
188 creatures vanquished.

Notes
Turn   | Place    | Note
-------+----------+-------------------------------------------
     0 | D:1      | Kriby the Mummy Fire Elementalist began the quest for the Orb.
     0 | D:1      | Reached XP level 1. HP: 13/13 MP: 4/4
    42 | D:1      | Reached skill level 1 in Conjurations
   339 | D:1      | Reached XP level 2. HP: 16/19 MP: 2/5
   894 | D:1      | Reached XP level 3. HP: 21/24 MP: 0/7
  1002 | D:2      | Reached skill level 3 in Spellcasting
  1128 | D:2      | Learned a level 3 spell: Conjure Flame
  1200 | D:2      | Found a white marble altar of Elyvilon.
  1443 | D:2      | Reached skill level 4 in Spellcasting
  1443 | D:2      | Reached XP level 4. HP: 30/30 MP: 1/10
  1444 | D:2      | Found a faded altar of an unknown god.
  2108 | D:3      | Reached skill level 5 in Spellcasting
  2156 | D:3      | Found a bloodstained altar of Trog.
  2157 | D:3      | Noticed a moth of wrath
  2188 | D:3      | Reached XP level 5. HP: 22/35 MP: 3/12
  2496 | D:3      | Noticed Jessica
  2522 | D:3      | Killed Jessica
  2637 | D:3      | Reached skill level 6 in Spellcasting
  3273 | D:3      | Learned a level 4 spell: Sticky Flame
  3344 | D:3      | Reached XP level 6. HP: 6/41 MP: 0/15
  4098 | D:4      | Found a staircase to the Ecumenical Temple.
  4170 | Temple   | Entered the Ecumenical Temple
  4267 | Temple   | Became a worshipper of Sif Muna the Loreminder
  4653 | D:4      | Learned a level 2 spell: Throw Flame
  4690 | D:4      | Found a sacrificial altar of Ru.
  4700 | D:4      | Found a bloodstained altar of Trog.
  4817 | D:4      | Reached XP level 7. HP: 46/46 MP: 17/17
  5046 | D:5      | Entered Level 5 of the Dungeon
  5049 | D:5      | Reached skill level 7 in Spellcasting
  5100 | D:5      | Noticed Geomchi's ghost (novice DEVM)
  5139 | D:5      | Killed Geomchi's ghost
  5285 | D:5      | Reached * piety under Sif Muna
  5434 | D:5      | Found a shadowy altar of Dithmenos.
  5545 | D:5      | Found a runed door.
  5549 | D:5      | Noticed Crazy Yiuf
  5559 | D:5      | Killed Crazy Yiuf
  5559 | D:5      | Reached skill level 8 in Spellcasting
  5821 | D:5      | Reached XP level 8. HP: 52/52 MP: 18/20
  6798 | D:6      | Found a glowing golden altar of the Shining One.
  6836 | D:6      | Reached skill level 9 in Spellcasting
  6902 | D:6      | Reached ** piety under Sif Muna
  7331 | D:6      | Noticed Blork the orc
  7369 | D:6      | Killed Blork the orc
  7369 | D:6      | Reached skill level 1 in Shields
  8409 | D:7      | Found an opulent altar of Gozag.
  8536 | D:7      | Reached XP level 9. HP: 57/57 MP: 20/22
  8827 | D:7      | Reached skill level 5 in Fire Magic
  9051 | D:7      | Reached skill level 5 in Conjurations
  9574 | D:8      | Reached *** piety under Sif Muna
  9695 | D:8      | Reached skill level 10 in Spellcasting
 10022 | D:8      | Found a staircase to the Lair.
 10041 | D:8      | Learned a level 5 spell: Fireball
 10147 | D:8      | Noticed Erica
 10168 | D:8      | Slain by Erica

Vault maps used:
D:1:      lordsloth_arrival_two_stooges, kennysheep_crisscross
D:2:      elyvilon_altar_5, chequers_ecumenical_altar_simple, minmay_lizard_king
D:3:      minmay_diamond_boxcup, tgw_trog, uniq_jessica
D:4:      amethyst_overflow_temple_binary
D:5:      nicolae_dithmenos_shadow_blocks, first_bread,
          grunt_decor_mini_mirrors, grunt_ministairs_1, patterned_corridor,
          uniq_crazy_yiuf_cottage
D:6:      kennysheep_spiral_hall, nicolae_tso_carved_into_rock,
          uniq_blork_the_orc
D:7:      old_standard_altar
D:8:      erik_lair_dragon, uniq_erica
Temple:   regret_index_temple_waves

Skill      XL: |  1  2  3  4  5  6  7  8  9 |
---------------+----------------------------+-----
Conjurations   | 1 2 3 4 6 |  6.0
Spellcasting   | 4 5 6 8 9 10 | 10.3
Fire Magic     | 3 4 6 |  6.1
Shields        | 4 |  4.5
Dodging        | |  1.5
Stealth        | |  1.5

Action                   |  1- 3 |  4- 6 |  7- 9 || total
-------------------------+-------+-------+-------++-------
Melee: Unarmed           |    12 |       |       ||    12
       Dagger            |    29 |    31 |   174 ||   234
       Mace              |       |       |    56 ||    56
 Cast: Flame Tongue      |    76 |   179 |   255 ||   510
       Conjure Flame     |     1 |     8 |    45 ||    54
       Throw Flame       |       |       |    54 ||    54
       Sticky Flame      |       |       |    10 ||    10
  Use: Scroll            |     2 |     4 |     5 ||    11
Armor: Robe              |    14 |    37 |    87 ||   138
Dodge: Dodged            |    49 |    64 |   122 ||   235
Block: Buckler           |       |       |    18 ||    18
